 Dungeon Crawl Stone Soup version 0.23.2-30-g0e89c35649 (webtiles) character file.

Game seed: 9257440042767059877

1558 teukkam the Basher (level 8, -1/67 HPs)
             Began as a Minotaur Fighter on June 14, 2019.
             Was an Initiate of Gozag.
             Killed by divine providence
             ... invoked by an orc priest
              (13 damage)
             ... on level 7 of the Dungeon.
             The game lasted 00:16:51 (5696 turns).

teukkam the Basher (Minotaur Fighter)               Turns: 5696, Time: 00:16:51

Health: -1/67      AC: 12    Str: 23    XL:     8   Next: 58%
Magic:  7/7        EV:  8    Int:  5    God:    Gozag
Gold:   308        SH: 10    Dex: 10    Spells: 7/7 levels left

rFire    . . .     SeeInvis .   a - +5 whip (venom)
rCold    + . .     Gourm    .   c - +0 shield
rNeg     . . .     Faith    .   C - +2 ring mail {rC+}
rPois    .         Spirit   .   (helmet restricted)
rElec    .         Reflect  .   j - +0 cloak
rCorr    .         Harm     .   x - +0 pair of gloves
MR       .....                  F - +1 pair of boots
Stlth    +.........             (no amulet)
HPRegen  0.21/turn              B - ring of stealth
MPRegen  0.10/turn              (no ring)

@: no status effects
A: retaliatory headbutt, horns 2
a: Potion Petition, Call Merchant, Bribe Branch, Renounce Religion


You were on level 7 of the Dungeon.
You worshipped Gozag.
Gozag was aware of your devotion.
You were not hungry.

You visited 2 branches of the dungeon, and saw 8 of its levels.

You collected 425 gold pieces.
You paid 117 gold pieces to Gozag.

Inventory:

Hand Weapons
 a - a +5 whip of venom (weapon)
 b - a +0 hunting sling
 l - a +0 war axe
 n - a +0 blowgun
Missiles
 i - 33 poisoned needles
 m - 306 stones (quivered)
 r - 26 sling bullets
Armour
 c - a +0 shield (worn)
 j - a +0 cloak (worn)
 x - a +0 pair of gloves (worn)
 C - a +2 ring mail of cold resistance (worn)
 F - a +1 pair of boots (worn)
Jewellery
 B - a ring of stealth (left hand)
Wands
 w - a wand of enslavement (8)
 G - a wand of polymorph (7)
Scrolls
 e - 2 scrolls of noise {unknown}
 g - a scroll of enchant armour {unknown}
 q - 4 scrolls of magic mapping {unknown}
 s - 4 scrolls of teleportation {unknown}
 u - 3 scrolls of immolation {unknown}
 v - 7 scrolls of identify {unknown}
 y - 3 scrolls of remove curse {unknown}
 D - a scroll of random uselessness {unknown}
 H - a scroll of amnesia {unknown}
Potions
 d - 4 potions of might
 h - 3 potions of heal wounds {unknown}
 k - 2 potions of degeneration {unknown}
 p - 2 potions of ambrosia {unknown}
 t - a potion of agility {unknown}
 z - 2 potions of lignification {unknown}
 A - 2 potions of magic {unknown}
 E - 2 potions of curing {unknown}
 I - a potion of haste {unknown}
Miscellaneous
 o - a sack of spiders
Comestibles
 f - 8 rations


   Skills:
 - Level 4.4 Fighting
 - Level 3.1(6.2) Axes
 + Level 8.3(8.6) Maces & Flails
 + Level 7.5 Slings
 - Level 0.9(4.3) Throwing
 - Level 4.4 Armour
 - Level 4.4 Shields


You had 7 spell levels left.
You didn't know any spells.
Your spell library was empty.

Dungeon Overview and Level Annotations

Branches:
Dungeon (7/15)             Temple (1/1) D:7

Altars:
Ashenzari
Cheibriados
Dithmenos
Elyvilon
Fedhas
Gozag
Hepliaklqana
Kikubaaqudgha
Makhleb
Nemelex Xobeh
Okawaru
Qazlal
Ru
Sif Muna
Trog
Uskayaw
Vehumet
Wu Jian
Xom
Yredelemnul
Zin
The Shining One

Shops:
D:4 [

Annotations:
D:5 1 runed translucent door


Innate Abilities, Weirdness & Mutations

You reflexively headbutt those who attack you in melee.
You have a pair of horns on your head.


Message History

Pain shoots through your body!
The orc wizard points at you and mumbles some strange words.
The magic dart hits you!
The orc priest calls down the wrath of Beogh upon you.
Beogh smites you!
The orc wizard gestures wildly while chanting.
The orc wizard blinks!
An orc comes into view. It is wielding a +0 mace.
The orc shouts!
You hit the orc priest.
The orc priest is poisoned.
The orc priest is lightly wounded.
The orc priest barely misses you. You furiously retaliate!
You headbutt the orc priest!
The orc priest mumbles some strange prayers to Beogh against you.
Beogh smites you!
* * * LOW HITPOINT WARNING * * *
The orc priest calls down the wrath of Beogh upon you.
Beogh smites you!
You die...
Your body crumbles into a pile of gold.

.# ##### #.########.#
.#########...#####.########.#
.........................><.##
###.#####....#####.###.......#
###.#.......###....###.......#
....#.....#.###.#####........#
....#.....#.#...#####..[.....#
#...#.....#.#.##...o#........#
#.###.....#.#.##@##.#.##########
#.# #.....#.#.##.#.............#
#.###.....#.#.##.#..##.........#
......###.######.######........#
#..#### #.# #.# #........#
#.....# #.# ###.### #........#
##.##.# #.# ###+### #........#
##.##.# #.#####⌠.⌠#####...######
.#.##.# #.....'.>.'.....#.#


You could see an orc priest.

Vanquished Creatures
  Pikel (D:7)
  4 slaves (D:7)
  A black bear (D:7)
  An ogre (D:6)
  2 sky beasts
  A centaur (D:5)
  A bullfrog (D:6)
  2 scorpions
  2 howler monkeys
  A quasit (D:7)
  An orc wizard (D:3)
  4 worker ants
  A hound skeleton (D:7)
  10 adders
  A shadow imp (D:7)
  An adder zombie (D:5)
  An adder skeleton (D:6)
  2 worms
  A dart slug (D:3)
  3 leopard geckos
  11 orcs
  3 bats
  6 giant cockroaches
  6 goblins
  6 hobgoblins
  7 jackals
  13 kobolds
  2 quokkas
  3 ball pythons
  5 frilled lizards
  2 leopard gecko skeletons
  8 rats
113 creatures vanquished.

Notes
Turn   | Place    | Note
-------+----------+-------------------------------------------
     0 | D:1      | teukkam the Minotaur Fighter began the quest for the Orb.
     0 | D:1      | Reached XP level 1. HP: 19/19 MP: 0/0
    84 | D:1      | You fall through a shaft!
    97 | D:3      | Reached XP level 2. HP: 27/27 MP: 1/1
   210 | D:2      | Reached XP level 3. HP: 19/33 MP: 2/2
   713 | D:4      | Reached XP level 4. HP: 36/41 MP: 3/3
   915 | D:2      | Reached skill level 1 in Maces & Flails
  1101 | D:2      | Found a stormy altar of Qazlal.
  2170 | D:3      | Reached skill level 1 in Slings
  2173 | D:3      | Reached XP level 5. HP: 44/47 MP: 4/4
  2236 | D:3      | Reached skill level 2 in Maces & Flails
  2666 | D:4      | Found Goenox Jiqa's Armour Boutique.
  3022 | D:5      | Entered Level 5 of the Dungeon
  3022 | D:5      | Noticed a centaur
  3028 | D:5      | Killed a centaur
  3028 | D:5      | Reached skill level 3 in Maces & Flails
  3028 | D:5      | Reached XP level 6. HP: 52/53 MP: 5/5
  3130 | D:5      | Reached skill level 4 in Maces & Flails
  3184 | D:6      | Noticed a sky beast
  3191 | D:6      | Killed a sky beast
  3220 | D:6      | Reached XP level 7. HP: 41/60 MP: 6/6
  3225 | D:6      | Reached skill level 5 in Maces & Flails
  3544 | D:5      | Found a glowing silver altar of Zin.
  3546 | D:5      | Found a runed translucent door.
  3546 | D:5      | Noticed an angel
  4025 | D:5      | Found a bloodstained altar of Trog.
  4025 | D:5      | Found a sparkling altar of Nemelex Xobeh.
  4025 | D:5      | Found an ancient bone altar of Kikubaaqudgha.
  4091 | D:5      | Found a burning altar of Makhleb.
  4525 | D:6      | Reached skill level 5 in Slings
  4749 | D:6      | Reached skill level 6 in Maces & Flails
  5037 | D:7      | Found a staircase to the Ecumenical Temple.
  5042 | Temple   | Entered the Ecumenical Temple
  5102 | Temple   | Became a worshipper of Gozag Ym Sagoz the Greedy
  5365 | D:7      | Reached skill level 7 in Maces & Flails
  5365 | D:7      | Reached XP level 8. HP: 67/67 MP: 7/7
  5368 | D:7      | Noticed Pikel
  5574 | D:7      | Killed Pikel
  5574 | D:7      | Reached skill level 8 in Maces & Flails
  5696 | D:7      | Killed from afar by an orc priest

Skill      XL: |  1  2  3  4  5  6  7  8 |
---------------+-------------------------+-----
Fighting       | 4 |  4.4
Axes           | 3 |  3.1
Armour         | 4 |  4.4
Shields        | 4 |  4.4
Maces & Flails | 1 3 4 7 8 |  8.3
Slings         | 1 3 4 6 7 |  7.5
Throwing       | |  0.9

Action                   |  1- 3 |  4- 6 |  7- 9 || total
-------------------------+-------+-------+-------++-------
Melee: War axe           |    49 |       |       ||    49
       Headbutt          |    12 |    13 |    18 ||    43
       Whip              |     7 |   118 |    92 ||   217
 Fire: Hunting sling     |       |     3 |    17 ||    20
  Use: Potion            |       |       |     1 ||     1
 Stab: Distracted        |       |       |     1 ||     1
  Eat: Chunk             |       |     5 |     1 ||     6
       Ration            |       |     1 |     2 ||     3
Armor: Scale mail        |    31 |    37 |       ||    68
       Ring mail         |       |       |    31 ||    31
Dodge: Dodged            |    22 |    24 |    21 ||    67
Block: Shield            |    31 |    63 |    37 ||   131
